 Dungeon Crawl Stone Soup version 0.26-a0-455-g0958c023ba (webtiles) character file.

Game seed: 7231518617162268928

467123 tilp the Spry (level 23, -7/126 HPs)
             Began as a Spriggan Enchanter on July 29, 2020.
             Was the Champion of Dithmenos.
             Killed by the raging water
             ... invoked by a water nymph
              (26 damage)
             ... on level 3 of the Abyss.
             The game lasted 03:32:57 (75204 turns).

tilp the Spry (Spriggan Enchanter)                 Turns: 75204, Time: 03:32:58

Health: -7/126     AC: 13    Str:  4    XL:     23   Next: 47%
Magic:  28/48      EV: 36    Int: 30    God:    Dithmenos [******]
Gold:   3986       SH:  7    Dex: 19    Spells: 3/62 levels left

rFire    . . .     SeeInvis +   a - +9 dagger (elec)
rCold    + . .     Faith    .   q - +0 buckler {reflect}
rNeg     . . .     Spirit   .   P - +2 robe {MR+}
rPois    +         Reflect  +   X - +2 hat of Yredelemnul's Fury {rPois}
rElec    .         Harm     .   O - +2 cloak {rC+}
rCorr    .                      (gloves unavailable)
MR       +++++                  (boots unavailable)
Stlth    +++++++...             v - amulet "Qedirec" {RegenMP rPois}
HPRegen  0.07/turn              t - +6 ring of intelligence
MPRegen  0.56/turn              Q - +4 ring of protection

@: slowed, lost strength, wreathed by umbra, very slow
A: very small, unfitting armour, see invisible, [deterioration 1], speed 3
}: 2/15 runes: decaying, gossamer
a: Shadow Step, Shadow Form, Renounce Religion


You were on level 3 of the Abyss.
You worshipped Dithmenos.
Dithmenos was exalted by your worship.
You visited 8 branches of the dungeon, and saw 41 of its levels.
You visited the Abyss 1 time.
You also visited: Sewer and Ice Cave.

You collected 6413 gold pieces.
You spent 2427 gold pieces at shops.

Inventory:

Hand Weapons
 a - a +9 dagger of electrocution (weapon)
 b - a +9 dagger of freezing
Missiles
 g - 20 curare-tipped darts (quivered)
Armour
 q - a +0 buckler of reflection (worn)
 H - the +1 buckler of Jusu Hucw {rC- Regen+ Str+2 Int+4}
   (You found it on level 2 of the Spider Nest)

   It affects your strength (+2).
   It affects your intelligence (+4).
   It makes you vulnerable to cold.
   It increases your rate of regeneration.
 O - a +2 cloak of cold resistance (worn)
 P - a +2 robe of magic resistance (worn)
 X - the +2 hat of Yredelemnul's Fury (worn) {rPois}
   (You acquired it on level 4 of the Lair of Beasts)

   It protects you from poison.
Jewellery
 t - a +6 ring of intelligence (left hand)
 u - an uncursed ring of flight
 v - the amulet "Qedirec" (around neck) {RegenMP rPois}
   (You found it on level 2 of the Depths)

   [amulet of magic regeneration]

   It increases your magic regeneration.
   It protects you from poison.
 x - the ring of Xorhum {+Blink rF+ Int+8}
   (You took it off a spriggan berserker on level 2 of the Depths)

   [ring of protection from fire]

   It affects your intelligence (+8).
   It protects you from fire.
   It lets you blink.
 Q - a +4 ring of protection (right hand)
 T - a +6 ring of intelligence
 U - an uncursed ring of protection from cold
 Y - the ring "Ryveh" {rF+ rN+ MR+ Dex-2 Stlth-}
   (You took it off a deep elf archer on level 1 of the Vaults)

   [ring of attention]

   It affects your dexterity (-2).
   It protects you from fire.
   It protects you from negative energy.
   It affects your resistance to hostile enchantments.
   It makes you less stealthy.
Wands
 p - a wand of enslavement (29)
 s - a wand of polymorph (55)
 w - a wand of disintegration (50)
 y - a wand of digging (23)
 F - a wand of acid (71)
 G - a wand of paralysis (16)
 L - a wand of iceblast (35)
 M - a wand of clouds (26)
Scrolls
 d - 22 scrolls of teleportation
 f - 9 scrolls of blinking
 i - 2 scrolls of vulnerability
 k - a scroll of holy word
 m - 3 scrolls of summoning
 r - 6 scrolls of fog
 B - 4 scrolls of amnesia
 E - 3 scrolls of enchant armour
 I - 20 scrolls of remove curse
 J - 9 scrolls of magic mapping
 K - 17 scrolls of identify
 V - 5 scrolls of fear
Potions
 c - 2 potions of brilliance
 e - 24 potions of curing
 h - 8 potions of stabbing
 j - 2 potions of flight
 l - 10 potions of mutation
 n - 4 potions of heal wounds
 o - 2 potions of haste
 D - 7 potions of cancellation
 N - 11 potions of ambrosia
 R - 3 potions of lignification
 S - 4 potions of resistance
 W - 2 potions of magic
Miscellaneous
 z - a phial of floods
 A - a lightning rod (4/4)
 C - 2 phantom mirrors
 Z - a tin of tremorstones (3/3)


   Skills:
 - Level 15.0 Fighting
 - Level 10.0 Short Blades
 - Level 6.0 Throwing
 - Level 20.0 Dodging
 - Level 18.0 Stealth
 - Level 4.0 Shields
 - Level 20.0 Spellcasting
 + Level 11.1 Conjurations
 - Level 18.0 Hexes
 - Level 2.0 Necromancy
 - Level 2.0 Fire Magic
 - Level 15.0 Earth Magic
 - Level 12.0 Invocations
 - Level 15.0 Evocations


You had 3 spell levels left.
You knew the following spells:

 Your Spells              Type           Power        Failure   Level
a - Borgnjor's Vile Clut  Necr/Erth      ######....   1%          5
b - Ensorcelled Hibernat  Hex/Ice        ######       1%          2
c - Confusing Touch       Hex            #######.     0%          3
d - Tukima's Dance        Hex            #######.     0%          3
e - Dazzling Flash        Conj/Hex       ######       0%          3
f - Slow                  Hex            #######.     0%          2
g - Cause Fear            Hex            #######...   0%          4
h - Apportation           Tloc           ####..       1%          1
i - Blink                 Tloc           N/A          2%          2
j - Passwall              Tmut/Erth      ######..     1%          2
k - Invisibility          Hex            #######.     1%          6
l - Metabolic Englaciati  Hex/Ice        ######....   1%          5
m - Lee's Rapid Deconstr  Erth           #######...   1%          5
n - Bolt of Magma         Conj/Fire/Erth ######....   1%          5
o - Iron Shot             Conj/Erth      #######...   1%          6
p - Silence               Hex/Air        ######....   1%          5

Your spell library contained the following spells:

 Spells                   Type           Power        Failure   Level
 Corona                   Hex            #######      0%          1
 Magic Dart               Conj           ####         0%          1
 Animate Skeleton         Necr           #####.       1%          1
 Beastly Appendage        Tmut           ####..       1%          1
 Pain                     Necr           ####         1%          1
 Summon Small Mammal      Summ           ####         1%          1
 Corpse Rot               Necr/Air       N/A          1%          2
 Conjure Flame            Conj/Fire      ######..     1%          3
 Inner Flame              Hex/Fire       ######..     1%          3
 Mephitic Cloud           Conj/Pois/Air  ######..     1%          3
 Portal Projectile        Hex/Tloc       ######       1%          3
 Static Discharge         Conj/Air       ######..     1%          3
 Stone Arrow              Conj/Erth      ######       1%          3
 Vampiric Draining        Necr           #####.....   1%          3
 Call Imp                 Summ           ####....     2%          2
 Poisonous Vapours        Pois/Air       ####..       2%          2
 Swiftness                Air            ####....     2%          2
 Wereblood                Tmut           ####....     2%          2
 Ignite Poison            Fire/Tmut/Pois ####....     3%          3
 Gell's Gravitas          Tloc           ####......   4%          3
 Spider Form              Tmut/Pois      ####......   4%          3
 Leda's Liquefaction      Hex/Erth       #######...   1%          4
 Petrify                  Tmut/Erth      ######..     1%          4
 Iskenderun's Battlesphe  Conj           #######.     1%          5
 Summon Mana Viper        Hex/Summ       ######..     1%          5
 Yara's Violent Unravell  Hex/Tmut       ######....   1%          5
 Fireball                 Conj/Fire      ######....   3%          5
 Lightning Bolt           Conj/Air       ######....   4%          5
 Animate Dead             Necr           #####.....   7%          4
 Statue Form              Tmut/Erth      ######...    11%         6
 Orb of Destruction       Conj           #######...   14%         7
 Ice Form                 Ice/Tmut       ####....     16%         4
 Passage of Golubria      Tloc           N/A          16%         4
 Summon Lightning Spire   Summ/Air       ####....     16%         4
 Starburst                Conj/Fire      ######....   16%         6
 Agony                    Necr           #####...     19%         5
 Blade Hands              Tmut           ####......   38%         5
 Summon Demon             Summ           ####......   38%         5
 Summon Forest            Summ/Tloc      ####......   38%         5
 Freezing Cloud           Conj/Ice/Air   ######....   45%         6
 Spellforged Servitor     Conj/Summ      ######....   80%         7
 Simulacrum               Ice/Necr       #####.....   83%         6
 Eringya's Noxious Bog    Tmut/Pois      ####......   93%         6
 Hydra Form               Tmut           ####......   93%         6
 Ozocubu's Refrigeration  Ice            ####......   93%         6
 Shadow Creatures         Summ           N/A          93%         6
 Shatter                  Erth           #######...   97%         9
 Malign Gateway           Summ/Tloc      ####......   100%        7
 Summon Hydra             Summ           ####......   100%        7
 Ignition                 Fire           #####.....   100%        8
 Tornado                  Air            ####......   100%        9


Dungeon Overview and Level Annotations

Branches:
Dungeon (15/15)            Temple (1/1) D:5            Lair (6/6) D:11
  Swamp (4/4) Lair:3       Spider (4/4) Lair:3        Slime (0/5) Lair:6
    Orc (2/2) D:10            Elf (0/3) Orc:2        Vaults (4/5) D:14
  Crypt (0/3) Vaults:3     Depths (5/5) D:15            Zot (0/5) Depths:5
  Sewer (visited)           IceCv (visited)

Altars:
Ashenzari
Cheibriados
Dithmenos
Elyvilon
Fedhas
Gozag
Hepliaklqana
Kikubaaqudgha
Makhleb
Nemelex Xobeh
Okawaru
Qazlal
Ru
Sif Muna
Trog
Uskayaw
Vehumet
Wu Jian
Xom
Yredelemnul
Zin
The Shining One
Jiyva

Shops:
D:6 }   D:7 *}?   D:14 :   Orc:2 ?([(:   Vaults:1 }

Portals:
Hell: Depths:1 Depths:2 Depths:3 Depths:4 Depths:5
Abyss: Depths:1 Depths:4 Depths:5
Pandemonium: Depths:1 Depths:3
Ziggurat: Depths:3

Annotations:
Spider:4 2 transporters, SatoMori's ghost, adept MiBe
Vaults:3 Asterion
Depths:2 3 runed translucent doors
Depths:3 exclusions: eye of draining, floating eye, shining eye and 1 more exclusion


Innate Abilities, Weirdness & Mutations

You are very small and have problems with some larger weapons.
You are too small for most types of armour.
You have supernaturally acute eyesight. (SInv)
You cover ground extremely quickly.
[Your body sometimes deteriorates upon taking damage.]


Message History

* * * LOW HITPOINT WARNING * * *
You are knocked back by the lance of force.
You slam into the rock wall!
* * * LOW HITPOINT WARNING * * *
Splash!
The dire elephant completely misses you.
You block the dire elephant's attack. The water nymph completely misses you.
The deep elf blademaster hits you but does no damage.
The deep elf blademaster hits you with a +0 rapier!
* * * LOW HITPOINT WARNING * * *
Unknown command.
You feel much better.
The deep elf blademaster hits you with a +0 rapier.
* * * LOW HITPOINT WARNING * * *
You block the deep elf blademaster's attack.
You block the dire elephant's attack.
The dire elephant completely misses you.
The water nymph points at you and mumbles some strange words.
The water swirls and strikes you!!
You die...

##.... .#
#..... #
#..≈≈≈♣♣♣ . #
# ..♣..♣≈≈X .
. ..≈...≈≈♣
#.. #
..≈♣§§♣)#####
#... . #
♣.§§§≈#≈≈.#
#.. #
♣§§)§*≈meY+
#.# #
♣.♣..†#X@.#
.. .. # .≈♣.
..##### ) . .
♣≈≈♣.♣≈
###### ..# .
. ♣≈♣♣. . .
.. .. ### #
≈≈≈≈≈♣♣♣y≈♣
.. ###. . .#≈
..≈≈≈.... # .
#......... #.
# ##.#.3 ##.
#.# . ## # .#
# #.


You could see a dire elephant, a deep elf blademaster, a wretched star, a large
abomination and a water nymph.

Vanquished Creatures
  Mennas (Depths:5)
  A juggernaut (Depths:3)
  Saint Roka (Vaults:4)
  A caustic shrike (Depths:2)
  6 golden dragons
  Jory (Vaults:3)
  A bone dragon (Vaults:3)
  An Ice Fiend (IceCv)
  2 tentacled monstrosities
  Jorgrun (D:12)
  6 liches
  A titan (Depths:2)
  Gastronok (D:8)
  The ghost of Nuuhewur the Spry, an adept MfMo of Dithmenos (Swamp:3)
  2 sphinxes
  2 thorn hunters
  2 tengu reavers
  3 shadow dragons
  Donald (Vaults:1)
  Louise (Swamp:1)
  A deep elf sorcerer (Depths:4)
  A balrug (Depths:2)
  9 emperor scorpions
  An iron dragon (Depths:3)
  6 fire giants
  A draconian knight (Depths:5)
  Aizul (Swamp:3)
  11 vault wardens
  3 ghost moths (Spider:4)
  3 orc warlords
  A deep elf elementalist (Depths:2)
  11 frost giants
  A cacodemon (Depths:1)
  8 ironheart preservers
  A war gargoyle (Vaults:4)
  23 very ugly things
  A draconian stormcaller (Depths:5)
  2 entropy weavers
  2 spriggan defenders
  17 stone giants
  A green draconian (Depths:5)
  A deep elf demonologist (Depths:4)
  2 deep elf annihilators
  3 purple draconians (Depths:5)
  A white draconian (Depths:5)
  A dire elephant (D:15)
  2 black draconians
  15 spark wasps
  A merfolk impaler (Depths:5)
  10 ettins
  Josephine (Swamp:1)
  2 deep elf high priests
  9 fire dragons
  10 ice dragons
  11 yaktaur captains
  4 spriggan air magi (Depths:5)
  9 vault guards
  8 great orbs of eyes
  17 hydras
  11 rakshasas
  A ghost crab (Swamp:3)
  The ghost of Flugslaktarn the Blocker, a journeyman VSIE of Makhleb (Orc:2)
  19 alligators
  4 catoblepae
  4 shambling mangroves
  13 centaur warriors
  18 ogre magi
  50 two-headed ogres
  A two-headed ogre (shapeshifter) (Depths:3)
  5 tengu warriors
  11 deep troll earth magi
  16 deep troll shamans
  7 spriggan berserkers
  8 death yaks
  An orc high priest (Orc:1)
  A shock serpent (shapeshifter) (Depths:2)
  A vampire mage (Depths:1)
  Urug (Lair:4)
  4 deep elf knights
  Sonja (Lair:2)
  8 spriggans
  A storm dragon zombie (Depths:3)
  10 skeletal warriors
  2 sun demons (Depths:2)
  9 hell knights
  A spark wasp zombie (Depths:3)
  9 iron trolls
  A shadow wraith (Vaults:2)
  A spatial maelstrom (Abyss:3)
  3 unseen horrors
  41 deep trolls
  A deep troll (shapeshifter) (Vaults:2)
  12 swamp dragons
  2 flayed ghosts
  3 wizards
  An unseen horror (shapeshifter) (Vaults:1)
  5 spriggan druids
  A gelid demonspawn (Depths:1)
  3 glowing orange brains
  A phantasmal warrior (Vaults:4)
  A lindwurm (shapeshifter) (D:13)
  5 harpies (Vaults:3)
  Pikel (D:7)
  3 lindwurms
  6 deep elf archers
  6 necromancers
  13 orb spiders
  13 orc knights
  7 ironbrand convokers
  37 wolf spiders
  11 deep elf magi
  36 ugly things
  9 cyclopes
  7 manticores
  6 orc sorcerers
  9 elephants
  6 moths of wrath
  A cyclops (shapeshifter) (Depths:2)
  A salamander (D:15)
  4 worldbinders (Abyss:3)
  4 centaur zombies
  An ice statue (IceCv)
  An elf zombie (Depths:3)
  13 cane toads
  3 torpor snails
  6 black mambas
  A smoke demon (Depths:1)
  14 vault sentinels
  2 gargoyles
  A rime drake (shapeshifter) (Vaults:2)
  A storm dragon simulacrum (Vaults:3)
  7 anaconda simulacra (IceCv)
  5 kobold demonologists
  A tormentor (Abyss:3)
  3 rime drakes
  2 efreet (D:15)
  2 freezing wraiths
  2 komodo dragons
  51 yaktaurs
  4 tengu conjurers
  3 golden dragon simulacra (IceCv)
  11 demonic crawlers
  A red devil (Depths:1)
  10 ice devils
  18 trolls
  A troll (shapeshifter) (Vaults:1)
  37 jumping spiders
  A queen bee (shapeshifter) (Depths:2)
  A queen bee (Lair:2)
  7 tyrant leeches
  A wind drake (shapeshifter) (Vaults:1)
  25 hornets
  A polar bear (Lair:6)
  A blink frog (shapeshifter) (D:14)
  2 raiju (shapeshifter)
  19 slime creatures
  12 bog bodies
  A dream sheep (shapeshifter) (Depths:5)
  12 blink frogs
  9 hippogriffs
  5 shadows
  Sigmund (D:5)
  7 wraiths
  A redback (shapeshifter) (Vaults:3)
  A ynoxinul (Abyss:3)
  34 tarantellas
  A tarantella (shapeshifter) (Vaults:2)
  3 wyverns
  3 vampires
  A yak (shapeshifter) (Depths:2)
  73 redbacks
  41 yaks
  A human (shapeshifter) (Vaults:2)
  3 basilisks
  8 water elementals
  9 vampire mosquitoes
  2 human simulacra
  2 spatial vortices (Abyss:3)
  13 wargs
  3 harpy simulacra (IceCv)
  A soldier ant (D:11)
  17 swamp worms
  3 iron troll simulacra (IceCv)
  8 insubstantial wisps
  2 acid dragons
  2 hydra simulacra (IceCv)
  A floating eye (shapeshifter) (Depths:2)
  14 water moccasins
  A floating eye (Depths:3)
  Duvessa (D:5)
  9 porcupines
  5 ice beasts
  3 phantoms
  49 orc warriors
  10 swamp drakes
  3 black bears
  A black bear (shapeshifter) (Vaults:4)
  An ettin simulacrum (IceCv)
  A sky beast (D:6)
  An alligator simulacrum (IceCv)
  2 eyes of draining (D:14)
  9 necrophages
  A boggart (shapeshifter) (Vaults:1)
  24 wolves
  16 boggarts
  13 crocodiles
  26 centaurs
  54 ogres
  A lemure (D:7)
  7 big kobolds
  The ghost of night the Chiller, an amateur GrIE (D:3)
  21 bullfrogs
  Dowan (D:5)
  10 scorpions
  A wyvern skeleton (D:8)
  27 killer bees
  13 wights
  10 howler monkeys
  An electric eel (Spider:3)
  A draconian simulacrum (IceCv)
  2 bullfrog zombies
  4 jellies
  10 centaur skeletons
  A gnoll shaman (D:5)
  7 hounds
  A quasit (D:11)
  2 bullfrog skeletons
  20 orc priests
  28 orc wizards
  6 iguanas
  22 worker ants
  A spriggan simulacrum (IceCv)
  A polar bear simulacrum (IceCv)
  2 troll simulacra (IceCv)
  2 hound zombies
  2 hound skeletons
  A worker ant zombie (D:10)
  A howler monkey skeleton (D:4)
  8 gnolls
  12 adders
  2 ogre simulacra (IceCv)
  6 naga simulacra (IceCv)
  4 shadow imps
  9 white imps
  14 ufetubi
  3 oozes
  An adder skeleton (D:6)
  An adder zombie (D:8)
  3 worms
  3 dart slugs
  7 leopard geckos
  98 orcs
  3 ball pythons
  12 bats
  8 giant cockroaches
  12 goblins
  6 hobgoblins
  8 jackals
  14 kobolds
  11 quokkas
  3 frilled lizards
  A jackal skeleton (D:4)
  14 rats
1980 creatures vanquished.

Vanquished Creatures (collateral kills)
  Harold (D:7)
  A skeletal warrior (D:12)
2 creatures vanquished.

Vanquished Creatures (others)
  A lindwurm (Swamp:4)
  A jumping spider (shapeshifter) (Vaults:1)
  2 redbacks
  2 boggarts
  An ogre (Vaults:3)
  2 centaurs
  An orc wizard (D:10)
  3 orcs (Orc:2)
  4 fungi
  25 plants
42 creatures vanquished.

Grand Total: 2024 creatures vanquished

Notes
Turn   | Place    | Note
-------+----------+-------------------------------------------
     0 | D:1      | tilp the Spriggan Enchanter began the quest for the Orb.
     0 | D:1      | Reached XP level 1. HP: 9/9 MP: 5/5
   476 | D:1      | Found a sparkling altar of Nemelex Xobeh.
   546 | D:1      | Reached XP level 2. HP: 9/13 MP: 4/6
   814 | D:1      | Learned a level 2 spell: Ensorcelled Hibernation
   904 | D:1      | Reached skill level 5 in Stealth
  1301 | D:1      | Reached XP level 3. HP: 16/16 MP: 8/8
  1753 | D:1      | Learned a level 3 spell: Confusing Touch
  1977 | D:2      | Reached XP level 4. HP: 21/21 MP: 6/9
  2677 | D:2      | Reached XP level 5. HP: 21/24 MP: 7/10
  2829 | D:2      | Reached skill level 5 in Hexes
  3530 | D:3      | Found a glowing drain.
  3622 | Sewer    | Entered a sewer
  3969 | Sewer    | Found a white marble altar of Elyvilon.
  4176 | D:3      | Reached XP level 6. HP: 28/28 MP: 11/11
  4183 | D:3      | Found a large runed translucent door.
  4183 | D:3      | Noticed night's ghost (amateur GrIE)
  4184 | D:3      | Found a large runed translucent door.
  4360 | D:3      | Found a shimmering altar of Xom.
  5025 | D:4      | Noticed a +0 dagger
  5030 | D:4      | Noticed a +0 hand axe
  5031 | D:4      | Found a hide-covered altar of Uskayaw.
  5514 | D:4      | Reached skill level 5 in Short Blades
  5514 | D:4      | Reached XP level 7. HP: 32/32 MP: 5/12
  5687 | D:4      | Found a radiant altar of Vehumet.
  5921 | D:5      | Entered Level 5 of the Dungeon
  6033 | D:5      | Reached skill level 1 in Fighting
  6448 | D:5      | Noticed Sigmund
  6460 | D:5      | Killed Sigmund
  6460 | D:5      | Reached skill level 5 in Dodging
  6469 | D:5      | Reached XP level 8. HP: 39/39 MP: 5/15
  6710 | D:5      | Noticed Dowan
  7423 | D:5      | Found a staircase to the Ecumenical Temple.
  7430 | Temple   | Entered the Ecumenical Temple
  7656 | D:5      | Found an opulent altar of Gozag.
  7656 | D:5      | Noticed Duvessa
  7985 | D:6      | Found a transporter.
  8000 | D:6      | Noticed a kobold demonologist
  8012 | D:6      | Found a transporter.
  8053 | D:6      | Found a basalt altar of Yredelemnul.
  8316 | D:6      | Found Estrytet's Gadget Boutique.
  8323 | D:6      | Bought a wand of acid (8) for 264 gold pieces
  8323 | D:6      | Bought a wand of paralysis (9) for 121 gold pieces
  8375 | D:6      | Learned a level 3 spell: Tukima's Dance
  8379 | D:6      | Learned a level 3 spell: Dazzling Flash
  8405 | D:7      | Noticed Pikel
  8414 | D:7      | Killed Pikel
  8414 | D:7      | Reached XP level 9. HP: 44/44 MP: 9/16
  8443 | D:7      | Noticed Harold
  8453 | D:7      | Found a shadowy altar of Dithmenos.
  8487 | D:7      | Became a worshipper of Dithmenos the Shadowed
  8563 | D:7      | Found a stormy altar of Qazlal.
  8585 | D:7      | Found Gunif's Magic Scroll Emporium.
  9115 | D:7      | Found Usosm's Gadget Boutique.
  9196 | D:7      | Reached skill level 5 in Spellcasting
  9215 | D:7      | Found a glowing silver altar of Zin.
  9255 | D:7      | Found Fedun's Assorted Antiques.
  9271 | D:7      | Killed Harold
  9378 | D:7      | Reached XP level 10. HP: 49/49 MP: 19/19
  9617 | D:8      | Learned a level 2 spell: Slow
  9622 | D:8      | Learned a level 4 spell: Cause Fear
  9684 | D:8      | Found a snail-covered altar of Cheibriados.
  9919 | D:8      | Noticed Gastronok
 10018 | D:8      | Reached * piety under Dithmenos
 10156 | D:8      | Found a bloodstained altar of Trog.
 10204 | D:8      | Learned a level 1 spell: Apportation
 10367 | D:9      | Reached skill level 10 in Stealth
 10530 | D:9      | Reached skill level 1 in Invocations
 10679 | D:9      | Reached skill level 10 in Dodging
 11069 | D:9      | Reached skill level 5 in Fighting
 11260 | D:3      | Killed night's ghost
 11375 | D:5      | Killed Duvessa
 11383 | D:5      | Killed Dowan
 11486 | D:10     | Entered Level 10 of the Dungeon
 11632 | D:10     | Reached XP level 11. HP: 55/55 MP: 21/21
 11694 | D:10     | Reached ** piety under Dithmenos
 11723 | D:10     | Reached skill level 10 in Hexes
 12308 | D:10     | Found a staircase to the Orcish Mines.
 12693 | D:11     | Noticed a purple ugly thing
 12722 | D:11     | Killed a purple ugly thing
 12791 | D:11     | Found a staircase to the Lair.
 13259 | D:11     | Noticed an unseen horror
 13263 | D:11     | Killed an unseen horror
 13331 | D:11     | Noticed a green ugly thing
 13332 | D:11     | Noticed a white ugly thing
 13352 | D:11     | Killed a green ugly thing
 13405 | D:11     | Killed a white ugly thing
 13816 | D:11     | Noticed a two-headed ogre
 13823 | D:11     | Killed a two-headed ogre
 13904 | D:11     | Reached *** piety under Dithmenos
 14097 | D:11     | Identified a scroll of acquirement
 14097 | D:11     | Acquired a manual of Fighting
 14306 | D:7      | Bought a scroll of identify for 34 gold pieces
 14328 | D:6      | Bought a wand of clouds (6) for 330 gold pieces
 14430 | Lair:1   | Entered Level 1 of the Lair of Beasts
 14475 | Lair:1   | Reached XP level 12. HP: 61/61 MP: 19/22
 15225 | Lair:2   | Reached skill level 10 in Short Blades
 15510 | Lair:2   | Reached **** piety under Dithmenos
 15584 | Lair:2   | Noticed Sonja
 15589 | Lair:2   | Killed Sonja
 16300 | Lair:3   | Found a hole to the Spider Nest.
 16356 | Lair:3   | Reached skill level 15 in Stealth
 16453 | Lair:3   | Acquired a manual of Spellcasting
 16654 | Lair:3   | Noticed a five-headed hydra
 16699 | Lair:3   | Killed a five-headed hydra
 16719 | Lair:3   | Noticed a five-headed hydra
 16728 | Lair:3   | Killed a five-headed hydra
 16737 | Lair:3   | Reached XP level 13. HP: 66/70 MP: 20/24
 16773 | Lair:3   | Found a staircase to the Swamp.
 17694 | Lair:4   | Reached skill level 15 in Dodging
 17894 | Lair:4   | Noticed Urug
 17898 | Lair:4   | Killed Urug
 17918 | Lair:4   | Reached skill level 10 in Fighting
 17988 | Lair:4   | Acquired the +2 hat of Yredelemnul's Fury {rPois}
 18033 | Lair:4   | Reached skill level 10 in Spellcasting
 18375 | Lair:4   | Reached ***** piety under Dithmenos
 19758 | Lair:6   | Entered Level 6 of the Lair of Beasts
 20188 | Lair:6   | Found a viscous altar of Jiyva.
 20188 | Lair:6   | Found a staircase to the Slime Pits.
 20447 | Lair:6   | Found a radiant altar of Vehumet.
 20623 | Lair:6   | Reached XP level 14. HP: 54/80 MP: 24/33
 21291 | D:7      | Bought a scroll of teleportation for 45 gold pieces
 21319 | D:7      | Bought a potion of heal wounds for 85 gold pieces
 21397 | Orc:1    | Entered Level 1 of the Orcish Mines
 21479 | Orc:1    | Reached skill level 15 in Spellcasting
 21634 | Orc:1    | Found a bloodstained altar of Trog.
 22247 | Orc:2    | Entered Level 2 of the Orcish Mines
 22247 | Orc:2    | Found a staircase to the Elven Halls.
 22247 | Orc:2    | Found Ixorraurgh's Book Shoppe.
 22831 | Orc:2    | Found a transporter.
 23734 | Orc:2    | Found Sompal's Weapon Emporium.
 23735 | Orc:2    | Found Fiaduxti's Antique Armour Emporium.
 23762 | Orc:2    | Found Hemoanic's Antique Weapon Shop.
 23767 | Orc:2    | Found Ifyz's Magic Scroll Shoppe.
 23855 | Orc:2    | Noticed Flugslaktarn's ghost (journeyman VSIE)
 23907 | Orc:2    | Found a transporter.
 24092 | Orc:2    | Noticed an orc warlord
 24336 | Orc:2    | Killed an orc warlord
 24594 | Orc:2    | Bought a scroll of identify for 30 gold pieces
 24594 | Orc:2    | Bought a scroll of identify for 30 gold pieces
 24594 | Orc:2    | Bought a scroll of identify for 30 gold pieces
 24710 | Orc:2    | Noticed an orc warlord
 24757 | Orc:2    | Killed an orc warlord
 25096 | Orc:2    | Reached ****** piety under Dithmenos
 25318 | Orc:2    | Bought an embroidered hat for 175 gold pieces
 25351 | Orc:2    | Bought 3 scrolls of blinking for 337 gold pieces
 25351 | Orc:2    | Bought a scroll of teleportation for 45 gold pieces
 25351 | Orc:2    | Bought a scroll of teleportation for 45 gold pieces
 25405 | Orc:2    | Bought a book of Minor Magic for 280 gold pieces
 25442 | Orc:1    | Reached XP level 15. HP: 86/86 MP: 35/37
 25648 | Orc:1    | Learned a level 2 spell: Blink
 26623 | D:12     | Acquired a book of Burglary
 26628 | D:12     | Learned a level 2 spell: Passwall
 26643 | D:12     | Noticed Jorgrun
 26683 | D:11     | Learned a level 6 spell: Invisibility
 26699 | D:12     | Killed Jorgrun
 28046 | D:13     | Found a shimmering altar of Xom.
 28263 | D:13     | Reached skill level 1 in Shields
 29218 | Orc:2    | Killed Flugslaktarn's ghost
 29435 | D:6      | Bought a wand of acid (4) for 176 gold pieces
 29435 | D:6      | Bought a wand of clouds (4) for 264 gold pieces
 29449 | D:7      | Bought a wand of acid (14) for 136 gold pieces
 29487 | D:8      | Killed Gastronok
 29528 | D:8      | Learned a level 5 spell: Metabolic Englaciation
 29649 | Spider:1 | Entered Level 1 of the Spider Nest
 30527 | Spider:1 | Reached skill level 5 in Invocations
 31745 | Spider:2 | Reached XP level 16. HP: 91/91 MP: 35/38
 32354 | Spider:1 | Reached skill level 10 in Evocations
 32602 | Spider:2 | Got a spiked buckler
 34774 | Spider:3 | Identified the +1 buckler of Jusu Hucw {rC- Regen+ Str+2
                  | Int+4} (You found it on level 2 of the Spider Nest)
 34785 | Spider:4 | Entered Level 4 of the Spider Nest
 34987 | Spider:3 | Reached skill level 1 in Earth Magic
 35559 | Spider:4 | Found a transporter.
 35562 | Spider:4 | Noticed SatoMori's ghost (adept MiBe)
 35573 | Spider:4 | Found a transporter.
 36150 | Spider:4 | Learned a level 5 spell: Lee's Rapid Deconstruction
 36281 | Spider:4 | Reached skill level 5 in Earth Magic
 36438 | Spider:4 | Reached XP level 17. HP: 80/95 MP: 39/39
 36917 | Spider:4 | Got a gossamer rune of Zot
 36954 | Spider:4 | Learned a level 5 spell: Bolt of Magma
 37170 | Swamp:1  | Entered Level 1 of the Swamp
 37171 | Swamp:1  | Found a frozen archway.
 37195 | IceCv    | Entered an ice cave
 37515 | IceCv    | Reached skill level 1 in Conjurations
 38025 | IceCv    | Noticed an Ice Fiend
 38030 | IceCv    | Killed an Ice Fiend
 39057 | Swamp:1  | Reached skill level 1 in Fire Magic
 39130 | Swamp:1  | Noticed Josephine
 39181 | Swamp:1  | Killed Josephine
 39280 | Swamp:1  | Noticed Louise
 39286 | Swamp:1  | Killed Louise
 39587 | Swamp:1  | Learned a level 6 spell: Iron Shot
 39784 | Swamp:2  | Reached skill level 10 in Earth Magic
 40262 | Swamp:2  | Identified Lee's Reference Book on Stones
 40546 | Swamp:3  | Noticed Aizul
 40553 | Swamp:3  | Killed Aizul
 40936 | Swamp:3  | Found a runed translucent door.
 40936 | Swamp:3  | Noticed Nuuhewur's ghost (adept MfMo)
 40947 | Swamp:3  | Killed Nuuhewur's ghost
 41478 | Swamp:4  | Entered Level 4 of the Swamp
 41649 | Swamp:4  | Reached skill level 5 in Conjurations
 41649 | Swamp:4  | Reached XP level 18. HP: 100/100 MP: 33/40
 43099 | Swamp:4  | Got a decaying rune of Zot
 43649 | D:14     | Found a gate to the Vaults.
 44553 | D:14     | Found Umedaeni's Book Shoppe.
 44649 | D:15     | Entered Level 15 of the Dungeon
 44780 | D:15     | Found a staircase to the Depths.
 46414 | Vaults:1 | Entered Level 1 of the Vaults
 46688 | Vaults:1 | Found the +8 glaive of the Guard {elec, +Rage AC+5 SInv}
 48027 | Vaults:1 | Reached XP level 19. HP: 50/104 MP: 37/42
 48652 | Vaults:1 | Identified the ring "Ryveh" {rF+ rN+ MR+ Dex-2 Stlth-}
 49068 | Vaults:1 | Noticed Donald
 49075 | Vaults:1 | Killed Donald
 49209 | Vaults:1 | Found Paxkiyti's Gadget Shop.
 49903 | Vaults:2 | Learned a level 5 spell: Borgnjor's Vile Clutch
 52244 | Vaults:3 | HP: 4/104 [white very ugly thing (22)]
 53986 | Vaults:3 | Noticed Jory
 53989 | Vaults:3 | Killed Jory
 54195 | Vaults:3 | Reached skill level 15 in Earth Magic
 54210 | Vaults:3 | Reached XP level 20. HP: 109/109 MP: 36/43
 54210 | Vaults:3 | Reached skill level 15 in Hexes
 54351 | Vaults:3 | Noticed Asterion
 54800 | Vaults:3 | Noticed a bone dragon
 54810 | Vaults:3 | Killed a bone dragon
 54935 | Vaults:3 | Found a staircase to the Crypt.
 54953 | Vaults:3 | Identified the cursed ring of a Billion Geomancers
                  | {*Corrode +Blink rPois Str+5 Int-4} (You found it on level
                  | 3 of the Vaults)
 55609 | Vaults:4 | Noticed Saint Roka
 55646 | Vaults:4 | Killed Saint Roka
 59317 | Depths:1 | Entered Level 1 of the Depths
 59317 | Depths:1 | Found a gateway to Hell.
 59546 | Depths:1 | Reached skill level 15 in Fighting
 59559 | Depths:1 | Reached skill level 1 in Throwing
 59612 | Depths:1 | Found a one-way gate to the infinite horrors of the Abyss.
 60058 | Depths:1 | Found a one-way gate leading to the halls of Pandemonium.
 60068 | Depths:1 | Reached XP level 21. HP: 80/117 MP: 21/44
 60836 | Depths:2 | Reached skill level 5 in Throwing
 60976 | Depths:2 | Reached skill level 1 in Necromancy
 62204 | Depths:2 | Found a runed translucent door.
 62204 | Depths:2 | Found a runed translucent door.
 62205 | Depths:2 | Found a runed translucent door.
 63122 | Depths:2 | Found a burning altar of Makhleb.
 63456 | Depths:2 | Identified the ring of Xorhum {+Blink rF+ Int+8}
 63456 | Depths:2 | Identified the ring "Hiewaz" {Str+3 SInv Stlth+}
 63461 | Depths:2 | Noticed a caustic shrike
 63466 | Depths:2 | Killed a caustic shrike
 63607 | Depths:2 | Identified the amulet "Qedirec" {RegenMP rPois} (You found
                  | it on level 2 of the Depths)
 63626 | Depths:2 | Identified the amulet of Isirarha {Acrobat Dex+4} (You
                  | found it on level 2 of the Depths)
 65367 | Depths:3 | Found a gateway to a ziggurat.
 65723 | Depths:3 | Noticed a golden dragon
 65723 | Depths:3 | Noticed a juggernaut
 65770 | Depths:3 | Killed a juggernaut
 66382 | Depths:3 | Reached XP level 22. HP: 122/122 MP: 29/45
 67410 | Depths:3 | Reached skill level 10 in Invocations
 68568 | Depths:3 | Learned a level 5 spell: Silence
 68628 | Depths:4 | Noticed a golden dragon
 68778 | Depths:3 | Killed a golden dragon
 69834 | Depths:4 | Noticed a golden dragon
 70215 | Depths:4 | Identified the ring "Aqurphasa" {Wiz rF- rN+ Str+2}
 70219 | Depths:4 | Noticed a golden dragon
 70294 | Depths:4 | Killed a golden dragon
 71087 | Depths:4 | Killed a golden dragon
 71087 | Depths:4 | Reached skill level 10 in Conjurations
 71312 | Depths:4 | Identified The Intricacies of Witchery
 71316 | Depths:4 | Identified the Collected Works on Slavery and the Oath
 71363 | Depths:5 | Entered Level 5 of the Depths
 71453 | Depths:5 | Reached skill level 15 in Evocations
 72355 | Depths:5 | Found the cursed +14 obsidian axe {vorpal, +Fly SInv
                  | *Curse}
 72376 | Depths:5 | Reached XP level 23. HP: 126/126 MP: 25/47
 73666 | Depths:5 | Noticed Mennas
 73798 | Depths:5 | Killed Mennas
 74328 | Depths:5 | Found a gate to the Realm of Zot.
 74878 | Depths:1 | Voluntarily entered the Abyss.
 74906 | Abyss:2  | Found a shimmering blue altar of Sif Muna.
 74940 | Abyss:2  | Found a corrupted altar of Lugonu.
 74955 | Abyss:2  | Found a corrupted altar of Lugonu.
 75193 | Abyss:3  | Lost strength.
 75203 | Abyss:3  | HP: 1/126 [deep elf blademaster/+0 rapier (10)]
 75204 | Abyss:3  | Killed from afar by a water nymph

Illustrated notes

Levels and vault maps discovered:
D:1:      heliophobic_arrival_dark_side_of_the_moon, layout_basic,
          nemelex_xobeh_ov_fountains_minmay
D:2:      minmay_thinvault, layout_rooms
D:3:      layout_loops_corners, cheibrodos_sewer_entry_drain,
          ebering_ghost_disaster_area, brannock_xom_greatest_gift
D:4:      layout_cave_pools, dancing_weapons_uskayaw, vehumet_altar_wand_db,
          minmay_misc_feat_doors, minmay_checkerbox
D:5:      layout_loops_ring, grunt_gozag_statues,
          minmay_temple_entry_enclosed_plants, kennysheep_generic_room_9,
          uniq_duvessa, uniq_sigmund
D:6:      gammafunk_wand_slinger, layout_cave_pools, yredelemnul_altar_generic,
          serial_shops, nicolae_shop_crystal
D:7:      layout_basic, nicolae_dithmenos_shadow_blocks, marbit_many_paths,
          serial_shops, shop, shop_fountains, nicolae_shop_statue_plus,
          nicolae_qazlal_general_emergency, uniq_harold, uniq_pikel
D:8:      layout_basic, lemuel_coloured_pillars_altar,
          overflow_temple_1_default, serial_rivers,
          chequers_serial_rivers_small_a, chequers_serial_rivers_micro_c,
          chequers_serial_rivers_small_a, chequers_serial_rivers_room_b,
          uniq_gastronok
D:9:      layout_irregular_city
D:10:     layout_roguey, orc_0_dummy
D:11:     hangedman_cross_cluster, layout_cave_pods, lair_entry_dummy
D:12:     nzn_motion_control, layout_cave_pools, uniq_jorgrun
D:13:     layout_layer_cave, basic_altar
D:14:     layout_basic, hangedman_vaults_entry_quadrant_bands, serial_shops,
          nicolae_shop_trees
D:15:     hangedman_depths_entry_try_elsewhere_first, layout_layer_cave,
          minmay_misc_feat_columns
Temple:   zaba_magenta_temple
Lair:1:   layout_regular_city
Lair:2:   layout_cave_shapes, special_room [special_room_bee],
          roderic_carrion_pond, uniq_sonja
Lair:3:   layout_chaotic_city, palyth_hydra_swamp_entry, dummy_spider_entry,
          serial_bayou_shore_b
Lair:4:   beast_lair_carwin_large_2, layout_small_grid, patterned_corridor,
          grunt_megastairs_3, uniq_urug
Lair:5:   layout_long_grid, lemuel_fruit_tree
Lair:6:   grunt_lair_end_beastmaster, layout_misc_corridors,
          dpeg_slime_entry_enclosed_altar, lemuel_centaur_altar,
          grunt_megastairs_2
Swamp:1:  layout_falls_marsh, portal_ice_cave_entry_pillars_2,
          evilmike_swamp_ruin_house_4, uniq_josephine, uniq_louise
Swamp:2:  layout_falls_marsh, nicolae_swamp_dense_foliage
Swamp:3:  layout_falls_marsh, ebering_ghost_inner_flame,
          evilmike_swamp_ruin_rubble_2, swamp_pool1,
          nicolae_swamp_round_clearing, uniq_aizul
Swamp:4:  swamp_alternative, layout_basic_swamp
Spider:1: layout_chambers, drop_trap
Spider:2: nicolae_spider_corner, hangedman_spider_tarantella_strand
Spider:3: layout_spider_delve, nicolae_spider_shape
Spider:4: grunt_spider_rune_parallel, gammafunk_ghost_berserking_beasts,
          guppyfry_spider_mini_1
Orc:1:    layout_diamond_mine, trog_butcher_becter
Orc:2:    st_orc_open, layout_caves, serial_shops, nicolae_shop_statue_plus,
          gammafunk_ghost_berserking_beasts, minmay_orc_treasury
Vaults:1: nicolae_vaults_network_square, hangedman_vaults_stream,
          vaults_mumra_chevron_long, nicolae_vaults_little_squares_2, v_misc_15,
          nicolae_vaults_alarming, st_spiral_rooms,
          nicolae_vaults_sealed_display, nicolae_vaults_little_squares_5,
          layout_vaults_chaotic_city, serial_shops, shop, uniq_donald
Vaults:2: ontoclasm_vaults_claustrophobia, nicolae_vaults_diagonal_hallway_8,
          hangedman_vaults_snaps, ontoclasm_vaults_pinch, vaults_dpeg_cross,
          v_alt_pattern_6, vaults_room_guarded_vault,
          nicolae_vaults_yaktaur_gun_rack, nicolae_vaults_border_crossing,
          nicolae_vaults_specimen_jars, serial_ice_h, serial_ice_b, v_misc_5,
          layout_vaults_omnigrid
Vaults:3: hangedman_vaults_capsules, nicolae_vaults_shelves_hall,
          minmay_crypt_entry_nasty_monster, v_misc_17, grunt_vaults_focal,
          ontoclasm_vaults_ring_large, serial_ice_b, v_misc_22,
          vaults_standard_mumra_lines, st_smaller_cells, vaults_room_pool,
          layout_vaults_omnicross, uniq_jory, uniq_asterion
Vaults:4: hangedman_vaults_slice, vaults_mumra_minichess_inversion,
          nicolae_vaults_little_squares_4, dpeg_vaults_waves,
          hangedman_vaults_pinch, vaults_room_large_hall,
          nicolae_vaults_network_star, v_alt_pattern_3, v_rooms_2, v_misc_24,
          v_misc_27, nicolae_vaults_shelves_hall, vaults_dpeg_encased_lava,
          layout_vaults_maze_bifur, uniq_saint_roka
Depths:1: layout_basic, hell_entry, rand_demon_pan_entry_7,
          abyss_entry_small_statue_room, grunt_decor_cap, minmay_holes,
          hangedman_abyss_or_decor_passed, skrybe_limestone_x,
          chequers_serial_rivers_micro_e, wad_floor_pattern_untrapped
Depths:2: minmay_the_grid_triangle_9x9_rhombus_thin
          [minmay_the_grid_triangle_9x9_sparse_checkered,
          minmay_the_grid_triangle_9x9_prize_special,
          minmay_the_grid_triangle_9x9_fully_insulated_deathbox,
          minmay_the_grid_triangle_9x9_shrine], layout_basic, lightli_too_deep,
          serial_sigils, serial_sigils_hangedman_carve,
          serial_sigils_hangedman_scar, serial_sigils_hangedman_quiver,
          serial_sigils_hangedman_scratch, serial_sigils_hangedman_etch,
          serial_sigils_hangedman_quiver, minmay_misc_feat_encased
Depths:3: grunt_deathspiral_small, layout_cave_shapes, enter_ziggurat_c,
          hell_entry, rand_demon_pan_entry_9, serial_bayou_pond_d,
          kennysheep_pointless_box, serial_bayou_pond_c,
          infiniplex_staircase_pool_2
Depths:4: minmay_fractal_lines_corner, layout_gridville,
          grunt_hell_entry_dis_grunt, abyss_entry, dk_noncrumbling_3,
          serial_bayou_shore_b, infiniplex_staircase_split_hallway,
          serial_bayou_shore_b
Depths:5: grunt_zot_entry_gee_three, layout_gridlike, abyss_entry,
          hangedman_coc_ice_floe, minmay_stone_trees_small,
          serial_bayou_shore_b, uniq_mennas
Abyss:3:  base: D:7, evilmike_abyss_exit_10, grunt_abyss_rune_forest_and_sorcery

Skill      XL: |  1  2  3  4  5  6  7  8  9 10 11 12 13 14 15 16 17 18 19 20 21 22 23 |
---------------+----------------------------------------------------------------------+-----
Hexes          | 4 5 6 8 9 10 12 14 15 17 18 | 18.0
Stealth        | 5 6 7 8 9 10 13 15 16 18 | 18.0
Short Blades   | 2 3 5 6 7 9 10 | 10.0
Spellcasting   | 4 5 6 7 14 17 18 19 20 | 20.0
Fighting       | 2 3 4 5 6 8 12 13 15 | 15.0
Dodging        | 5 8 9 10 12 14 15 16 18 20 | 20.0
Evocations     | 6 9 12 13 15 | 15.0
Invocations    | 2 4 6 8 9 11 12 | 12.0
Shields        | 4 |  4.0
Earth Magic    | 6 10 12 15 | 15.0
Conjurations   | 5 8 9 10 11 | 11.1
Fire Magic     | 2 |  2.0
Throwing       | 3 6 |  6.0
Necromancy     | 2 |  2.0

Action                   |  1- 3 |  4- 6 |  7- 9 | 10-12 | 13-15 | 16-18 | 19-21 | 22-24 || total
-------------------------+-------+-------+-------+-------+-------+-------+-------+-------++-------
Melee: Dagger            |    86 |   191 |   225 |   459 |   869 |  1322 |   986 |   277 ||  4415
Throw: Dart              |       |       |       |       |       |       |       |     2 ||     2
 Cast: Corona            |     8 |       |       |       |       |       |       |       ||     8
       Ensorcelled Hiber |    22 |    63 |    85 |   157 |   316 |   328 |   288 |   115 ||  1374
       Confusing Touch   |     2 |     5 |    12 |    41 |    58 |   109 |    76 |    15 ||   318
       Tukima's Dance    |       |       |     2 |       |     8 |       |     2 |       ||    12
       Dazzling Flash    |       |       |       |    11 |    32 |    19 |    18 |     3 ||    83
       Cause Fear        |       |       |       |       |     1 |     4 |       |     3 ||     8
       Invisibility      |       |       |       |       |     1 |     9 |       |     3 ||    13
       Metabolic Englaci |       |       |       |       |       |     1 |       |       ||     1
       Bolt of Magma     |       |       |       |       |       |    16 |    32 |    76 ||   124
       Iron Shot         |       |       |       |       |       |     8 |    85 |    96 ||   189
       Borgnjor's Vile C |       |       |       |       |       |       |    91 |    71 ||   162
       Lee's Rapid Decon |       |       |       |       |       |       |     4 |       ||     4
Invok: Shadow Step       |       |       |       |     3 |    10 |     2 |     3 |     2 ||    20
       Shadow Form       |       |       |       |       |       |       |     4 |       ||     4
 Abil: Evoke Flight      |       |       |       |       |       |     2 |       |       ||     2
Evoke: Wand              |       |       |     2 |       |     5 |     1 |     2 |     4 ||    14
  Use: Scroll            |     2 |     7 |     4 |    20 |    24 |     4 |     6 |       ||    67
       Potion            |       |       |       |       |     5 |     3 |     4 |     5 ||    17
 Stab: Sleeping          |    19 |    51 |    58 |   140 |   258 |   341 |   224 |    56 ||  1147
       Confused          |     2 |     5 |    15 |    43 |    49 |   101 |    79 |    17 ||   311
       Distracted        |       |       |     4 |     2 |     3 |     3 |     1 |     1 ||    14
       Invisible         |       |       |       |    15 |    35 |    72 |    13 |     9 ||   144
       Petrified         |       |       |       |       |       |     1 |       |       ||     1
Armor: Robe              |     7 |    13 |     2 |    21 |    39 |    82 |    53 |    32 ||   249
Dodge: Dodged            |    67 |    95 |    93 |   364 |   812 |  1252 |   737 |   385 ||  3805
Block: Buckler           |       |       |       |       |    39 |   397 |   230 |   107 ||   773
       Reflection        |       |       |       |       |       |    15 |    36 |     8 ||    59

Table legend: (Time is in decaauts)
 A = Elapsed time spent in this place.
 B = Non-inter-level travel time spent in this place.
 C = Inter-level travel time spent in this place.
 D = Time resting spent in this place.
 E = Time spent auto-exploring this place.
 F = Levels seen in this place.
 G = Mean time per level.
                   A        B        C        D        E       F      G
               +--------+--------+--------+--------+--------+-----+--------+
         Total |  58887 |  55017 |   3870 |  25929 |  16874 |  46 | 1280.2 |
       Dungeon |  16084 |  14638 |   1446 |   5585 |   5899 |  15 | 1072.3 |
        Temple |     46 |     36 |     10 |      0 |     34 |   1 |   46.0 |
          Lair |   5244 |   4726 |    518 |   1626 |   2181 |   6 |  874.0 |
         Swamp |   3911 |   3638 |    273 |   1233 |   1423 |   4 |  977.8 |
   Spider Nest |   5887 |   5599 |    288 |   2795 |   1422 |   4 | 1471.8 |
  Orcish Mines |   3248 |   2969 |    279 |   1217 |    812 |   2 | 1624.0 |
        Vaults |  10186 |   9580 |    606 |   5331 |   2017 |   4 | 2546.5 |
        Depths |  12995 |  12549 |    446 |   7688 |   2781 |   5 | 2599.0 |
         Abyss |    221 |    221 |      0 |      0 |    118 |   3 |   73.7 |
         Sewer |    339 |    339 |      0 |     95 |    129 |   1 |  339.0 |
      Ice Cave |    721 |    721 |      0 |    357 |     54 |   1 |  721.0 |
               +--------+--------+--------+--------+--------+-----+--------+

Top non-repeatable levels by time:
Depths:3: 3302 daAuts
Depths:2: 3147 daAuts
Vaults:4: 3057 daAuts
Depths:4: 2650 daAuts
Vaults:3: 2638 daAuts
Vaults:1: 2610 daAuts
   Orc:2: 2436 daAuts
Depths:5: 2129 daAuts
Spider:3: 1915 daAuts
Vaults:2: 1879 daAuts
    D:11: 1867 daAuts
Depths:1: 1764 daAuts
Spider:2: 1687 daAuts
     D:2: 1438 daAuts
     D:5: 1383 daAuts
